 Dungeon Crawl Stone Soup version 0.21-a0-150-gc243083 (webtiles) character file.

21249 Leszczynek the Grappler (level 12, -10/135 HPs)
             Began as a Troll Skald on July 25, 2017.
             Was an Elder of Makhleb.
             Mangled by a komodo dragon (22 damage)
             ... on level 2 of the Lair of Beasts on July 26, 2017.
             The game lasted 00:39:58 (6047 turns).

Leszczynek the Grappler (Troll Skald)               Turns: 6047, Time: 00:39:59

Health: -10/135    AC:  5    Str: 22    XL:     12   Next: 52%
Magic:  17/17      EV: 12    Int: 11    God:    Makhleb [****..]
Gold:   725        SH:  3    Dex: 14    Spells: 4/13 levels left

rFire    . . .     SeeInvis .     - Unarmed
rCold    + . .     Gourm    +   (no shield)
rNeg     . . .     Faith    .   A - +0 robe {rC+}
rPois    .         Spirit   .   (helmet restricted)
rElec    +         Reflect  +   (no cloak)
rCorr    .         Harm     .   (gloves unavailable)
MR       .....                  (boots unavailable)
Stlth    +.........             e - +3 amulet of reflection
HPRegen  0.72/turn              s - +3 ring of dexterity
MPRegen  0.15/turn              (no ring)

@: lethally poisoned (-10 -> -11), slowed, very slow
A: unfitting armour, claws 3, fast metabolism 3, gourmand, regeneration 1,
robust 1, shaggy fur 1, electricity resistance, tough skin 2, evolution 1
a: Minor Destruction, Lesser Servant of Makhleb, Major Destruction, Renounce
Religion


You were on level 2 of the Lair of Beasts.
You worshipped Makhleb.
Makhleb was greatly pleased with you.
You were very full.

You visited 4 branches of the dungeon, and saw 18 of its levels.
You also visited: Volcano.

You collected 725 gold pieces.

Inventory:

Hand Weapons
 b - a +0 blowgun
Missiles
 h - 12 large rocks (quivered)
 m - 7 tomahawks
 v - 10 curare-tipped needles
Armour
 w - the +0 large shield "Xyxop" {rN+ rCorr Int-3}
   (You acquired it on level 1 of the Lair of Beasts)

   It affects your intelligence (-3).
   It protects you from negative energy.
   It protects you from acid and corrosion.
 A - a +0 robe of cold resistance (worn)
Jewellery
 e - a +3 amulet of reflection (around neck)
 s - a +3 ring of dexterity (left claw)
Wands
 j - a wand of paralysis (5/24)
 o - a wand of acid (0/15)
 p - a wand of flame (21/48)
 q - a wand of confusion (22/48)
 u - a wand of lightning (9/15)
 y - a wand of confusion (22/48)
 z - a wand of confusion (7/48)
 C - a wand of polymorph (10/24)
Scrolls
 l - a scroll of identify {@r1}
 t - 4 scrolls of remove curse {@r2}
Potions
 a - a potion of magic {unknown}
 c - a potion of flight
 n - a potion of brilliance {unknown}
 r - 3 potions of curing {@q1}
 B - a potion of cancellation
Comestibles
 d - 5 bread rations
 f - 5 royal jellies
 g - a meat ration
 i - 5 chunks of flesh
 k - 3 fruits


   Skills:
 - Level 9.2 Fighting
 - Level 5.0 Dodging
 + Level 4.2 Shields
 - Level 13.3 Unarmed Combat
 - Level 1.2 Spellcasting
 - Level 2.0 Charms
 - Level 8.7 Invocations


You had 4 spell levels left.
You knew the following spells:

 Your Spells              Type           Power        Failure   Level  Hunger
a - Song of Slaying       Chrm           #.......     22%         2    ###....
b - Shroud of Golubria    Chrm/Tloc      #.........   32%         2    ###....
q - Regeneration          Chrm/Necr      #.........   54%         3    ####...
P - Swiftness             Chrm/Air       #.......     32%         2    ###....


Dungeon Overview and Level Annotations

Branches:
Dungeon (13/15)            Temple (1/1) D:7            Lair (3/6) D:10
    Orc (1/2) D:11         Vaults (0/5) D:13
  Swamp: Lair:2-4    Shoals: Lair:2-4     Snake: Lair:2-4    Spider: Lair:2-4

Altars:
Cheibriados
Dithmenos
Elyvilon
Fedhas
Gozag
Makhleb
Nemelex Xobeh
Qazlal
Ru
Sif Muna
Uskayaw
Vehumet
Wu Jian
The Shining One
Beogh

Shops:
D:4 *

Annotations:
D:8 Joseph
D:12 unseen horror
D:13 check what's below!, Snorg, Urug


Innate Abilities, Weirdness & Mutations

You are too large for most types of armour.
You have claws for hands.
Your metabolism is lightning-fast.
You like to eat raw meat.
Your natural rate of healing is unusually fast.
You are covered in fur. (AC +1)
You have very tough skin. (AC +2)
You are robust. (+10% HP)
You are resistant to electric shocks. (rElec)
You evolve.


Message History

You feel as though you will be slow longer.
The basilisk gazes at you. You resist with some effort.
The komodo dragon bites you!!
* * * LOW HITPOINT WARNING * * *
The hornet stings you.
* * * LOW HITPOINT WARNING * * *
You are lethally poisoned!
You feel as though you will be slow longer.
The basilisk gazes at you. You resist with some effort.
You climb upwards.
* * * LOW HITPOINT WARNING * * *
You feel very sick.
There is a stone staircase leading down here.
You feel better. The hornet stings you.
* * * LOW HITPOINT WARNING * * *
You are poisoned.
You feel as though you will be slow longer.
The komodo dragon bites you!!
You die...

##...#..†###
##..##....##
####### #...##.....
#..##P####.####....
#[.....#########...
#...#...### #...)..
#....##...######...
#.yl.###....## #...
##@.## #...#.# #.##
##..l# #....#######
#.##.# ###..#.### #
#.#..## #.......###
#....P# #....P†....
#....## #...##.....
##...P# #P..###....
#P.P.## ######.....
###P..# ###.###....


You could see a komodo dragon, a basilisk and a hornet.

Vanquished Creatures
  An orc warlord (Orc:1)
  Josephine (D:11)
  4 two-headed ogres
  Erica (D:8)
  Sonja (D:10)
  The ghost of p0werm0de the Martial Artist, a novice OpEn of Uskayaw (D:8)
  Pikel (D:7)
  An orc sorcerer (Orc:1)
  An ugly thing (D:12)
  3 cyclopes
  An elephant (D:9)
  Maurice (D:11)
  A black mamba (Lair:2)
  2 spiny frogs
  A komodo dragon (Lair:2)
  A troll (D:11)
  4 hippogriffs
  5 wraiths
  2 wyverns
  16 yaks
  A hungry ghost (D:9)
  A human (D:12)
  A warg (Orc:1)
  Menkaure (D:7)
  2 soldier ants
  Duvessa (D:6)
  2 hell hounds (Lair:2)
  3 porcupines
  3 water moccasins
  A sky beast (D:9)
  A slave (D:7)
  2 ice beasts
  10 orc warriors
  A black bear (D:7)
  2 phantoms
  5 ogres
  6 centaurs
  3 crocodiles
  4 big kobolds
  3 gnoll sergeants
  6 bullfrogs
  Dowan (D:6)
  A scorpion (D:8)
  A howler monkey (D:4)
  7 crimson imps
  A centaur zombie (D:10)
  3 hounds
  A jelly (D:10)
  2 bullfrog skeletons
  11 orc wizards
  2 centaur skeletons (D:11)
  13 orc priests
  An iguana (D:7)
  5 worker ants
  2 howler monkey zombies
  A worker ant zombie (D:6)
  10 adders
  10 gnolls
  5 shadow imps
  An ooze (D:3)
  An adder zombie (D:9)
  An adder skeleton (D:6)
  A dart slug (D:1)
  A leopard gecko (D:1)
  45 orcs
  A ball python (D:5)
  4 giant cockroaches
  2 goblins
  A hobgoblin (D:1)
  18 jackals
  8 kobolds
  7 quokkas
  A ball python skeleton (D:5)
  A bat (D:1)
  A frilled lizard (D:1)
  A jackal skeleton (D:4)
  A quokka skeleton (D:4)
  4 rats
285 creatures vanquished.

Vanquished Creatures (collateral kills)
  A basilisk (Lair:2)
  An orc warrior (Orc:1)
  2 orcs (Orc:1)
4 creatures vanquished.

Vanquished Creatures (others)
  An orc sorcerer (Orc:1)
  An orc (D:11)
  A plant (Lair:2)
3 creatures vanquished.

Grand Total: 292 creatures vanquished

Notes
Turn   | Place    | Note
-------+----------+-------------------------------------------
     0 | D:1      | Leszczynek the Troll Skald began the quest for the Orb.
     0 | D:1      | Reached XP level 1. HP: 19/19 MP: 1/1
    50 | D:1      | Reached XP level 2. HP: 27/27 MP: 2/2
    59 | D:1      | Learned a level 2 spell: Shroud of Golubria
    74 | D:1      | Reached skill level 3 in Unarmed Combat
   281 | D:3      | Reached XP level 3. HP: 28/33 MP: 3/3
   368 | D:4      | Reached skill level 4 in Unarmed Combat
   390 | D:4      | Reached XP level 4. HP: 27/41 MP: 4/4
   450 | D:4      | Reached skill level 5 in Unarmed Combat
   456 | D:5      | Entered Level 5 of the Dungeon
   474 | D:5      | Reached XP level 5. HP: 41/48 MP: 5/5
   521 | D:5      | Reached skill level 6 in Unarmed Combat
   582 | D:5      | Reached XP level 6. HP: 48/55 MP: 6/6
   652 | D:4      | Found Sogatott's Serpentskin Sales.
   652 | D:4      | Noticed a water moccasin
   652 | D:4      | Noticed a water moccasin
   662 | D:4      | Killed a water moccasin
   662 | D:4      | Reached skill level 7 in Unarmed Combat
   671 | D:4      | Killed a water moccasin
   671 | D:4      | Reached XP level 7. HP: 46/62 MP: 7/7
   811 | D:6      | Reached skill level 8 in Unarmed Combat
   904 | D:6      | Learned a level 2 spell: Swiftness
   908 | D:6      | Learned a level 3 spell: Regeneration
   982 | D:5      | Reached skill level 2 in Fighting
  1085 | D:6      | Found a radiant altar of Vehumet.
  1098 | D:6      | Reached skill level 3 in Fighting
  1136 | D:6      | Noticed Duvessa
  1137 | D:6      | Noticed Dowan
  1158 | D:6      | Killed Duvessa
  1158 | D:6      | Reached skill level 4 in Fighting
  1160 | D:6      | Killed Dowan
  1242 | D:7      | Reached XP level 8. HP: 42/79 MP: 8/8
  1288 | D:7      | Reached skill level 5 in Fighting
  1307 | D:7      | Found a staircase to the Ecumenical Temple.
  1316 | Temple   | Entered the Ecumenical Temple
  1341 | Temple   | Became a worshipper of Makhleb the Destroyer
  1499 | D:7      | Noticed Menkaure
  1514 | D:7      | Killed Menkaure
  1582 | D:7      | Reached skill level 6 in Fighting
  1749 | D:7      | Noticed Pikel
  1753 | D:7      | Paralysed by Pikel for 5 turns
  1761 | D:7      | Paralysed by Pikel for 3 turns
  1766 | D:7      | Killed Pikel
  1766 | D:7      | Reached skill level 7 in Fighting
  1830 | D:8      | Noticed Erica
  1839 | D:8      | Reached XP level 9. HP: 72/94 MP: 9/9
  1852 | D:8      | Reached * piety under Makhleb
  1888 | D:8      | Killed Erica
  1888 | D:8      | Reached skill level 8 in Fighting
  1913 | D:8      | Reached skill level 9 in Fighting
  1988 | D:8      | Noticed p0werm0de's ghost (novice OpEn)
  1996 | D:8      | Noticed a two-headed ogre
  2003 | D:8      | Killed p0werm0de's ghost
  2003 | D:8      | Reached skill level 9 in Unarmed Combat
  2054 | D:8      | Killed a two-headed ogre
  2054 | D:8      | Reached skill level 10 in Unarmed Combat
  2054 | D:8      | Reached XP level 10. HP: 55/107 MP: 10/10
  2070 | D:8      | Noticed Joseph
  2335 | D:9      | Gained mutation: You evolve. [mutagenic meat]
  2569 | D:9      | Reached skill level 11 in Unarmed Combat
  2589 | D:9      | Reached skill level 2 in Dodging
  2603 | D:9      | Noticed a two-headed ogre
  2607 | D:9      | Killed a two-headed ogre
  2655 | D:10     | Entered Level 10 of the Dungeon
  2661 | D:10     | Reached ** piety under Makhleb
  2663 | D:10     | Reached skill level 3 in Dodging
  2697 | D:10     | Noticed an elephant
  2698 | D:10     | Found a staircase to the Lair.
  2700 | D:10     | Noticed a cyclops
  2710 | D:10     | Reached skill level 1 in Invocations
  2855 | D:9      | Killed an elephant
  2855 | D:9      | Reached skill level 4 in Dodging
  2855 | D:9      | Reached skill level 2 in Invocations
  2880 | D:10     | Killed a cyclops
  2880 | D:10     | Reached skill level 3 in Invocations
  2910 | D:10     | Noticed Sonja
  2914 | D:10     | Killed Sonja
  2914 | D:10     | Reached skill level 4 in Invocations
  3013 | D:9      | Reached XP level 11. HP: 81/115 MP: 13/13
  3138 | D:10     | Gained mutation: You are resistant to electric shocks. (rElec) [evolution]
  3302 | D:11     | Reached skill level 5 in Invocations
  3424 | D:11     | first scroll of identify
  3428 | D:11     | Noticed a brown ugly thing
  3498 | D:10     | Noticed a two-headed ogre
  3507 | D:10     | Killed a two-headed ogre
  3655 | D:12     | Reached skill level 12 in Unarmed Combat
  3655 | D:12     | Reached skill level 6 in Invocations
  3802 | D:13     | Noticed Snorg
  3851 | D:13     | Found a gate to the Vaults.
  3851 | D:13     | Noticed Urug
  3851 | D:13     | Noticed a centaur warrior
  3851 | D:13     | Noticed a two-headed ogre
  3852 | D:13     | so, snorg or welcome committee
  3913 | D:12     | Noticed a two-headed ogre
  3920 | D:12     | Killed a two-headed ogre
  3954 | D:12     | Noticed a cyan ugly thing
  3962 | D:12     | Killed a cyan ugly thing
  3962 | D:12     | Reached *** piety under Makhleb
  4062 | D:12     | HP: 23/115 [something (9)]
  4065 | D:12     | HP: 9/115 [something (4)]
  4300 | D:11     | Reached skill level 7 in Invocations
  4501 | D:11     | Found a staircase to the Orcish Mines.
  4512 | Orc:1    | Entered Level 1 of the Orcish Mines
  4546 | Orc:1    | Noticed an orc sorcerer
  4551 | Orc:1    | Noticed Maurice
  4552 | Orc:1    | Killed an orc sorcerer
  4555 | Orc:1    | Noticed Josephine
  4616 | D:11     | Killed Josephine
  4616 | D:11     | Reached skill level 13 in Unarmed Combat
  4616 | D:11     | Reached skill level 8 in Invocations
  4620 | D:11     | Reached XP level 12. HP: 91/123 MP: 15/17
  4756 | D:11     | Killed Maurice
  4815 | Orc:1    | Reached **** piety under Makhleb
  4829 | Orc:1    | Found a roughly hewn altar of Beogh.
  4855 | Orc:1    | Learned a level 2 spell: Song of Slaying
  4941 | Orc:1    | Found a roughly hewn altar of Beogh.
  4953 | Orc:1    | Noticed an orc warlord
  5025 | Orc:1    | HP: 22/123 [orc warrior/halberd (4)]
  5200 | Orc:1    | Killed an orc warlord
  5290 | Orc:1    | Paralysed by an orc sorcerer for 4 turns
  5295 | Orc:1    | Noticed a stone giant
  5301 | Orc:1    | HP: 11/123 [stone giant/large rock (45)]
  5306 | Orc:1    | Gained mutation: You are robust. (+10% HP) [evolution]
  5399 | Lair:1   | Entered Level 1 of the Lair of Beasts
  5418 | Lair:1   | Reached skill level 5 in Dodging
  5516 | Lair:1   | Identified a scroll of acquirement
  5517 | Lair:1   | Got a steaming large shield
  5523 | Lair:1   | Identified the +0 large shield "Xyxop" {rN+ rCorr Int-3} (You acquired it on level 1 of the Lair of Beasts)
  5570 | Lair:2   | Reached skill level 1 in Shields
  5582 | Lair:2   | Reached skill level 2 in Shields
  5601 | Lair:2   | Reached skill level 3 in Shields
  5647 | Lair:2   | Upgraded the game from 0.21-a0-143-g1ab7d47 to 0.21-a0-150-gc243083
  5751 | Lair:2   | Found an opulent altar of Gozag.
  5807 | Lair:2   | HP: 24/135 [hell hound (7)]
  5812 | Lair:2   | HP: 6/135 [hell hound/blast of flame (23)]
  5860 | Lair:2   | Found a dark tunnel.
  5900 | Volcano  | Entered a volcano
  5990 | Lair:3   | Reached skill level 4 in Shields
  6037 | Lair:3   | Paralysed by a hornet for 2 turns
  6045 | Lair:3   | HP: 11/135 [komodo dragon (29)]
  6047 | Lair:2   | Mangled by a komodo dragon

Vault maps used:
D:1:      matt_arrival_grand_opening, serial_corexii_hall,
          corexii_hall_statues_l, corexii_hall_statues_x
D:3:      due_unseen_surprise, uniq_jessica
D:4:      guppyfry_shop_venom
D:5:      first_bread
D:6:      vehumet_altar_wand_db, uniq_duvessa
D:7:      temple_statues, uniq_pikel, uniq_menkaure
D:8:      uniq_joseph, uniq_erica
D:10:     david_lair_generic, uniq_sonja
D:11:     kennysheep_orc_monster_closet_entryway
D:13:     david_vaults_3, grunt_tengu_nest, uniq_snorg, uniq_urug
Temple:   compressed_dpeg_circular_temple
Lair:1:   dpeg_oklob_gauntlet, grunt_megastairs_5
Lair:2:   nicolae_spider_entry_orb_guardian, basic_altar, enter_volcano_3
Lair:3:   minmay_lair_venomous_thicket, grunt_megastairs_4, lemuel_fruit_tree,
          infiniplex_staircase_pool_2
Orc:1:    basic_altar, mines2_david, uniq_josephine, uniq_maurice
Volcano:  volcano_aerie

Skill      XL: |  1  2  3  4  5  6  7  8  9 10 11 12 |
---------------+-------------------------------------+-----
Unarmed Combat | 3 4 5 6 7 8 10 11 13 | 13.3
Fighting       | 4 7 9 |  9.2
Dodging        | 4 5 |  5.0
Invocations    | 4 8 |  8.7
Shields        | 4 |  4.2
Spellcasting   | |  1.2
Charms         | |  2.0

Action                   |  1- 3 |  4- 6 |  7- 9 | 10-12 || total
-------------------------+-------+-------+-------+-------++-------
Melee: Unarmed           |    69 |    92 |   226 |   580 ||   967
       Punch             |       |     2 |     2 |    39 ||    43
Throw: Throwing net      |       |     1 |       |       ||     1
       Tomahawk          |       |       |       |     2 ||     2
       Large rock        |       |       |       |     3 ||     3
 Cast: Shroud of Golubri |       |       |       |     1 ||     1
Invok: Minor Destruction |       |       |       |    29 ||    29
       Lesser Servant of |       |       |       |    11 ||    11
Evoke: Wand              |       |       |     3 |     4 ||     7
  Use: Potion            |       |     1 |     7 |     5 ||    13
       Scroll            |       |       |     5 |     7 ||    12
 Stab: Invisible         |       |       |     2 |       ||     2
       Distracted        |       |       |       |     2 ||     2
       Sleeping          |       |       |       |     1 ||     1
  Eat: Chunk             |     6 |     5 |    12 |    45 ||    68
Armor: Robe              |    21 |    22 |    48 |    82 ||   173
       Skin              |       |       |     2 |     4 ||     6
Dodge: Dodged            |    26 |    52 |    81 |   246 ||   405
Block: Other             |       |       |       |    60 ||    60
       Reflection        |       |       |       |     5 ||     5
